 Dungeon Crawl Stone Soup version 0.24.0-1-gfbc8707122 (webtiles) character file.

Game seed: 14246631976366340222, levelgen mode: deterministic

13128 Peloso the Carver (level 11, -5/97 HPs)
             Began as a Minotaur Fighter on Oct 27, 2019.
             Was a High Priest of Okawaru.
             Slain by a harpy (8 damage)
             ... summoned by Kirke
             ... on level 12 of the Dungeon.
             The game lasted 00:26:51 (11481 turns).

Peloso the Carver (Minotaur Fighter)               Turns: 11481, Time: 00:26:51

Health: -5/97      AC:  0    Str: 23    XL:     11   Next: 71%
Magic:  10/11      EV: 15    Int:  5    God:    Okawaru [*****.]
Gold:   981        SH:  0    Dex: 11    Spells: 10/10 levels left

rFire    . . .     SeeInvis .   (weapon currently unavailable)
rCold    . . .     Gourm    +   (shield currently unavailable)
rNeg     . . .     Faith    .   (armour currently unavailable)
rPois    .         Spirit   .   (helmet currently unavailable)
rElec    .         Reflect  .   (cloak currently unavailable)
rCorr    .         Harm     .   (gloves currently unavailable)
MR       .....                  (boots currently unavailable)
Stlth    +.........             g - amulet of the gourmand
HPRegen  0.26/turn              (ring currently unavailable)
MPRegen  0.12/turn              (ring currently unavailable)

@: pig-form, very quick
A: small, (retaliatory headbutt)
a: Heroism, Finesse, Renounce Religion


You were on level 12 of the Dungeon.
You worshipped Okawaru.
Okawaru was extremely pleased with you.
You were not hungry.
You were a filthy swine.
You visited 1 branch of the dungeon, and saw 12 of its levels.
You also visited: Ossuary.

You collected 981 gold pieces.

Inventory:

Hand Weapons
 a - a cursed +4 falchion
 b - a +0 scimitar of holy wrath (melded)
Armour
 c - a +0 shield (melded)
 h - a +0 cloak (melded)
 t - a +0 pair of gloves
 G - a +0 plate armour (melded)
 L - a +1 pair of gloves of strength (melded)
Jewellery
 g - an amulet of the gourmand (around neck)
 i - an uncursed ring of magical power
 l - a +5 ring of dexterity (melded)
 n - a +2 ring of protection (melded)
 z - an uncursed ring of protection from cold {unknown}
 E - an uncursed ring of protection from cold {unknown}
 O - an uncursed ring of protection from cold {unknown}
Wands
 C - a wand of polymorph (33)
 H - a wand of random effects (18)
 N - a wand of acid (3)
 Q - a wand of paralysis (5)
Scrolls
 e - 6 scrolls of teleportation
 j - 3 scrolls of amnesia
 o - a scroll of fear
 w - a scroll of remove curse
 x - 2 scrolls of noise
 y - 3 scrolls of immolation {unknown}
 A - a scroll of brand weapon
 B - 2 scrolls of blinking {unknown}
 F - a scroll of enchant weapon {unknown}
 I - a scroll of fog {unknown}
 J - 3 scrolls of identify
 K - a scroll of magic mapping {unknown}
 P - a scroll of vulnerability {unknown}
Potions
 d - 3 potions of brilliance
 k - 7 potions of heal wounds
 m - 2 potions of berserk rage
 p - 2 potions of haste
 q - a potion of might
 r - 5 potions of curing
 s - a potion of mutation
 u - a potion of agility
 v - 3 potions of resistance {unknown}
 D - a potion of magic
 M - a potion of experience {unknown}
Comestibles
 f - 24 rations


   Skills:
 + Level 9.6 Fighting
 + Level 13.6 Long Blades
 + Level 10.2 Armour
 + Level 3.2 Dodging
 + Level 0.5 Stealth
 + Level 11.6 Shields
 + Level 1.2 Invocations
 + Level 1.3 Evocations


You had 10 spell levels left.
You didn't know any spells.
Your spell library contained the following spells:

 Spells                   Type           Power        Failure   Level  Hunger
 Summon Small Mammal      Summ           #...         47%         1    ##.....
 Call Imp                 Summ           #.......     63%         2    ###....
 Call Canine Familiar     Summ           #.......     85%         3    ####...
 Summon Guardian Golem    Hex/Summ       #.......     85%         3    ####...
 Summon Ice Beast         Ice/Summ       #.......     99%         4    #####..
 Summon Lightning Spire   Summ/Air       #.......     99%         4    #####..


Dungeon Overview and Level Annotations

Branches:
Dungeon (12/15)            Temple (0/1) D:4            Lair (0/6) D:9
    Orc (0/2) D:9         Ossuary (visited)

Altars:
Dithmenos
Elyvilon
Fedhas
Hepliaklqana
Kikubaaqudgha
Okawaru
Trog
Uskayaw
Wu Jian
Xom
Yredelemnul
The Shining One
Beogh

Annotations:
D:9 3 runed translucent doors, Qawul's ghost, novice DEEE
D:12 Kirke


Innate Abilities, Weirdness & Mutations

((You reflexively headbutt those who attack you in melee.))
((You have a pair of horns on your head.))


Message History

The harpy closely misses you. The harpy claws you.
* * * LOW HITPOINT WARNING * * *
The harpy misses you. The harpy claws you.
* * * LOW HITPOINT WARNING * * *
Kirke casts a spell.
Kirke flickers and vanishes!
Deactivating autopickup; reactivate with Ctrl-A.
The harpy completely misses you. The harpy barely misses you.
The harpy screeches!
The harpy misses you. The harpy closely misses you.
The harpy closely misses you. x2
You feel like a meek peon again. The harpy claws you!
* * * LOW HITPOINT WARNING * * *
The harpy claws you!
* * * LOW HITPOINT WARNING * * *
There is a stone staircase leading up, spattered with blood here.
The harpy screeches!
The harpy misses you. The harpy claws you!
You die...

#<.H.....#
#........####
#...........#
#...≈.....#.######
#.........#h@H†..## ##
#.).......#Z####..#
..............#†###....
#.#####.######H##.....
#..##h#.......{#...≈≈≈
#..HH#..#######..≈≈≈≈
#....#..# #..≈≈♣≈
#.......# #..≈≈≈≈
######...##.## ♣...≈≈≈
#........##.# ♣♣.....
#.......h##.# ♣♣.[..
#.$.....>##.# ♣♣...
#........##.#####
♣♣....


You could see 2 harpies and a hog.

Vanquished Creatures
  2 two-headed ogres
  Urug (D:11)
  An unseen horror (D:11)
  A manticore (D:12)
  Joseph (D:7)
  A centaur zombie (D:11)
  2 centaur skeletons (D:11)
  A troll (D:10)
  Grinder (D:4)
  2 hippogriffs
  A vampire (D:10)
  6 yaks (D:9)
  10 hogs
  A human (D:7)
  A steam dragon (D:11)
  Menkaure (Ossuary)
  A soldier ant (D:11)
  Duvessa (D:6)
  An acid dragon (D:11)
  4 ice beasts
  3 orc warriors
  A black bear (D:9)
  A sky beast (D:8)
  4 phantoms
  7 ogres
  A centaur (D:9)
  2 big kobolds (D:11)
  2 bullfrogs
  3 elf skeletons (D:4)
  A gnoll sergeant (D:10)
  Dowan (D:6)
  A wyvern skeleton (D:11)
  9 killer bees
  5 scorpions
  4 wights (D:11)
  4 electric eels (D:11)
  6 crimson imps
  A quasit (D:9)
  5 hounds
  4 jellies
  8 orc priests
  2 bullfrog skeletons
  2 human zombies (D:4)
  19 orc wizards
  5 worker ants
  4 iguanas
  A hound zombie (D:5)
  3 mummies (Ossuary)
  A howler monkey zombie (D:8)
  A worker ant zombie (D:11)
  Robin (D:2)
  7 gnolls
  12 adders
  3 shadow imps
  2 oozes
  An adder skeleton (D:8)
  3 worms
  2 dart slugs
  6 leopard geckos
  45 orcs
  A ball python (D:6)
  6 giant cockroaches
  13 goblins
  9 hobgoblins
  14 jackals
  16 kobolds
  7 quokkas
  6 bats
  3 frilled lizards
  3 gnoll skeletons (Ossuary)
  3 gnoll zombies (Ossuary)
  5 goblin skeletons (Ossuary)
  4 goblin zombies (Ossuary)
  3 hobgoblin skeletons (Ossuary)
  5 hobgoblin zombies (Ossuary)
  9 kobold skeletons (Ossuary)
  3 kobold zombies (Ossuary)
  A leopard gecko zombie (D:5)
  4 orc skeletons
  6 orc zombies (Ossuary)
  A quokka skeleton (D:7)
  A quokka zombie (D:7)
  8 rats
  A rat skeleton (Ossuary)
  4 rat zombies (Ossuary)
  A spectral orc (D:2)
  A fungus (D:7)
371 creatures vanquished.

Vanquished Creatures (others)
  A goblin skeleton (Ossuary)
  A plant (D:11)
  3 toadstools (D:7)
5 creatures vanquished.

Grand Total: 376 creatures vanquished

Notes
Turn   | Place    | Note
-------+----------+-------------------------------------------
     0 | D:1      | Peloso the Minotaur Fighter began the quest for the Orb.
     0 | D:1      | Reached XP level 1. HP: 19/19 MP: 0/0
    31 | D:1      | Reached XP level 2. HP: 24/27 MP: 1/1
   698 | D:1      | Reached XP level 3. HP: 32/34 MP: 2/2
   844 | D:2      | Reached skill level 3 in Long Blades
   867 | D:2      | Found a blossoming altar of Fedhas.
  1004 | D:2      | Reached XP level 4. HP: 35/41 MP: 3/3
  1338 | D:2      | Found a basalt altar of Yredelemnul.
  1426 | D:2      | Noticed Robin
  1433 | D:2      | Killed Robin
  1565 | D:3      | Found an iron altar of Okawaru.
  1579 | D:3      | Reached XP level 5. HP: 31/47 MP: 4/4
  1582 | D:3      | Became a worshipper of Warmaster Okawaru
  1625 | D:3      | Reached skill level 5 in Fighting
  1774 | D:3      | Found a shimmering altar of Xom.
  1795 | D:3      | Reached skill level 4 in Long Blades
  1810 | D:3      | Reached skill level 5 in Armour
  2163 | D:3      | Reached skill level 1 in Dodging
  2475 | D:4      | Reached XP level 6. HP: 56/56 MP: 5/5
  2489 | D:4      | Reached * piety under Okawaru
  2527 | D:4      | Reached skill level 5 in Long Blades
  2527 | D:4      | Reached skill level 5 in Shields
  2574 | D:4      | Found a hazy altar of Hepliaklqana.
  2609 | D:4      | Reached XP level 7. HP: 37/61 MP: 6/6
  2737 | D:4      | Reached skill level 6 in Long Blades
  2758 | D:4      | Reached ** piety under Okawaru
  2764 | D:4      | Found a sand-covered staircase.
  2770 | Ossuary  | Entered an ossuary
  3140 | Ossuary  | Noticed Menkaure
  3156 | Ossuary  | Killed Menkaure
  3156 | Ossuary  | Reached skill level 7 in Long Blades
  3520 | D:4      | Reached XP level 8. HP: 70/70 MP: 7/7
  3625 | D:4      | Found a staircase to the Ecumenical Temple.
  3702 | D:4      | Noticed Grinder
  3716 | D:4      | Paralysed by Grinder for 6 turns
  3722 | D:4      | Killed Grinder
  3722 | D:4      | Reached skill level 8 in Long Blades
  4188 | D:5      | Entered Level 5 of the Dungeon
  4877 | D:6      | Reached *** piety under Okawaru
  4978 | D:6      | Reached XP level 9. HP: 71/75 MP: 8/8
  5049 | D:6      | Found a shadowy altar of Dithmenos.
  5208 | D:6      | Reached skill level 9 in Long Blades
  5367 | D:6      | Noticed Duvessa
  5374 | D:6      | Killed Duvessa
  5375 | D:6      | Noticed Dowan
  5398 | D:6      | Killed Dowan
  5444 | D:6      | Found an ancient bone altar of Kikubaaqudgha.
  5670 | D:6      | Found a hide-covered altar of Uskayaw.
  6025 | D:7      | Found a bloodstained altar of Trog.
  6076 | D:7      | Reached skill level 10 in Long Blades
  6088 | D:7      | Found a glowing golden altar of the Shining One.
  6380 | D:7      | Reached **** piety under Okawaru
  6467 | D:7      | Found an ornate altar of the Wu Jian Council.
  6557 | D:8      | Noticed Joseph
  6588 | D:7      | Killed Joseph
  6588 | D:7      | Reached XP level 10. HP: 31/88 MP: 7/9
  6841 | D:8      | Reached skill level 1 in Invocations
  7135 | D:8      | Reached skill level 11 in Long Blades
  7235 | D:8      | Found a basalt altar of Yredelemnul.
  7544 | D:9      | Reached skill level 10 in Shields
  7557 | D:9      | Reached ***** piety under Okawaru
  7672 | D:9      | Found a staircase to the Orcish Mines.
  7707 | D:9      | Received a gift from Okawaru
  7948 | D:9      | Found a staircase to the Lair.
  8155 | D:9      | Found a runed translucent gate.
  8155 | D:9      | Found a runed translucent gate.
  8155 | D:9      | Noticed Qawul's ghost (novice DEEE)
  8156 | D:9      | Identified the +1 broad axe of Perversion {freeze, -Tele
                  | MR+ Dex+4}
  8156 | D:9      | Found a runed translucent gate.
  8159 | D:9      | Found a roughly hewn altar of Beogh.
  8453 | D:10     | Entered Level 10 of the Dungeon
  8494 | D:10     | Found the +0 Maxwell's etheric cage {RegenMP+ *Contam rElec
                  | MP+4}
  8564 | D:10     | Reached skill level 12 in Long Blades
  8593 | D:10     | Noticed a two-headed ogre
  8688 | D:10     | Killed a two-headed ogre
  8688 | D:10     | Reached XP level 11. HP: 67/95 MP: 7/10
  9293 | D:11     | Noticed a two-headed ogre
  9303 | D:11     | Killed a two-headed ogre
  9410 | D:11     | Killed an unseen horror
  9410 | D:11     | Reached skill level 13 in Long Blades
 10350 | D:11     | Noticed Urug
 10374 | D:11     | Killed Urug
 10376 | D:11     | Reached skill level 10 in Armour
 10673 | D:11     | Found a shimmering altar of Xom.
 10926 | D:12     | Reached skill level 1 in Evocations
 11017 | D:12     | Found a white marble altar of Elyvilon.
 11062 | D:12     | Noticed Kirke
 11064 | D:12     | Noticed a sphinx
 11094 | D:12     | Noticed a sphinx
 11099 | D:12     | Paralysed by a sphinx for 4 turns
 11463 | D:12     | Noticed a harpy
 11463 | D:12     | Noticed a harpy
 11480 | D:12     | HP: 3/97 [harpy[Kirke] (13)]
 11481 | D:12     | Slain by a harpy

Levels and vault maps discovered:
D:1:      ncdulo_lavacross, layout_basic, ebering_dispersal_statue_hall,
          minmay_tromino_v2
D:2:      layout_basic, nicolae_overflow_crystal_walls,
          yredelemnul_forgotten_temple_becter, minmay_tripent, uniq_robin
D:3:      layout_loops_cross, overflow_temple_1_default, okawaru_metal_pillars_3
D:4:      layout_basic, kennysheep_little_box, minmay_temple_entry_tees,
          first_ration, nicolae_ossuary_entry_catacombs, uniq_grinder
D:5:      layout_rooms
D:6:      minmay_diamond_boxcup, layout_basic, kennysheep_mini,
          lemuel_coloured_pillars_altar, grunt_dithmenos_smoke_and_mirrors,
          uniq_duvessa
D:7:      layout_rooms, overflow_temple_1_default, lemuel_round_altar,
          tso_metal_star, grunt_livestock, minmay_gold_behind_fungi
D:8:      layout_cave_pools, nicolae_overflow_hidden_temple, basic_altar,
          uniq_joseph
D:9:      layout_loops_ring, lair_entry_dummy, orc_0_dummy,
          biasface_ghost_orc_armoury, st_stairs_5
D:10:     layout_basic, minmay_misc_feat_pillars, grunt_ministairs_8
D:11:     layout_rooms, serial_bayou, serial_bayou_pond_a,
          serial_bayou_crossing, serial_bayou_pond_a, serial_bayou_ford_a,
          tgw_xom, uniq_urug
D:12:     layout_basic, elyvilon_altar_3, uniq_kirke

Skill      XL: |  1  2  3  4  5  6  7  8  9 10 11 |
---------------+----------------------------------+-----
Armour         | 4 5 7 8 9 10 | 10.2
Fighting       | 4 5 6 7 8 9 |  9.6
Long Blades    | 3 4 5 7 8 10 12 13 | 13.6
Shields        | 4 5 7 9 10 11 | 11.6
Dodging        | 1 2 3 |  3.2
Invocations    | 1 |  1.2
Evocations     | 1 |  1.3
Stealth        | |  0.5

Action                   |  1- 3 |  4- 6 |  7- 9 | 10-12 || total
-------------------------+-------+-------+-------+-------++-------
Melee: Long sword        |    60 |   114 |   428 |       ||   602
       Headbutt          |    12 |    18 |   137 |   121 ||   288
       Scimitar          |       |       |    98 |   463 ||   561
Invok: Heroism           |       |       |     2 |     5 ||     7
Evoke: Wand              |       |       |       |     3 ||     3
  Use: Potion            |     1 |     1 |     5 |       ||     7
       Scroll            |       |     7 |     5 |     1 ||    13
  Eat: Chunk             |     5 |     9 |    14 |    13 ||    41
Armor: Scale mail        |    20 |    38 |       |       ||    58
       Chain mail        |       |       |   114 |       ||   114
       Plate armour      |       |       |    88 |   234 ||   322
Dodge: Dodged            |    29 |    36 |   104 |   129 ||   298
Block: Shield            |    32 |    67 |   226 |   301 ||   626
       Rpst.: Long sword |     7 |     8 |    22 |       ||    37
       Scimitar          |       |       |     6 |    20 ||    26
